 Dungeon Crawl Stone Soup version 0.28-a0-1412-gf95308ed99 (webtiles) character file.

Game seed: 15841371672678855443

1 Cheeritup the Caller (level 1, 0/10 HPs)
             Began as a Tengu Summoner on Jan 6, 2022.
             Frozen to death by an endoplasm (5 damage)
             ... on level 2 of the Dungeon.
             The game lasted 00:01:45 (283 turns).

Cheeritup the Caller (Tengu Summoner)                Turns: 283, Time: 00:01:45

Health: 0/10       AC:  5    Str:  8    XL:     1   Next: 20%
Magic:  0/4        EV: 10    Int: 15    God:
Gold:   0          SH:  0    Dex: 14    Spells: 3/4 levels left

rFire   . . .      SeeInvis .   (no weapon)
rCold   . . .      Faith    .   (no shield)
rNeg    . . .      Spirit   .   d - +0 ring mail
rPois   .          Reflect  .   (helmet restricted)
rElec   .          Harm     .   (no cloak)
rCorr   +          Rampage  .   (no gloves)
Will    .....                   (boots unavailable)
Stlth   +.........              (no amulet)
HPRegen 0.03/turn               b - ring of resist corrosion
MPRegen 0.09/turn               (no ring)

@: no status effects
A: beak, talons 3
a: no special abilities


You were on level 2 of the Dungeon.
You visited 1 branch of the dungeon, and saw 2 of its levels.

Inventory:

Armour
 a - a +0 robe
 d - a +0 ring mail (worn)
Jewellery
 b - a ring of resist corrosion (left hand)
Potions
 c - a potion of curing {unknown}
 e - a potion of might {unknown}


   Skills:
 - Level 2.1 Dodging
 - Level 2.0 Stealth
 - Level 2.0 Spellcasting
 + Level 4.9 Summonings


You had 3 spell levels left.
You knew the following spells:

 Your Spells              Type           Power      Damage    Failure   Level
a - Summon Small Mammal   Summ           64%        N/A       9%          1

Your spell library contained the following spells:

 Spells                   Type           Power      Damage    Failure   Level
 Call Imp                 Summ           16%        N/A       14%         2
 Call Canine Familiar     Summ           16%        N/A       26%         3
 Summon Guardian Golem    Hex/Summ       8%         N/A       58%         3
 Summon Lightning Spire   Summ/Air       8%         N/A       94%         4


Dungeon Overview and Level Annotations

Branches:
Dungeon (2/15)

Altars:


Innate Abilities, Weirdness & Mutations

You have a beak for a mouth.
You have claws for feet.


Message History

The gnoll hits you with a +0 flail.
You completely miss the gnoll. The gnoll closely misses you.
You barely miss the gnoll. You claw the gnoll. Your peck misses the gnoll.
The gnoll is lightly wounded.
The gnoll hits you with a +0 flail.
You swap places.
Your bat hits the gnoll but does no damage.
The gnoll hits your bat with a +0 flail!
Your bat dies!
Your bat's corpse disappears in a puff of smoke!
Casting: Summon Small Mammal (safe; 9% risk of failure)
Press: ? - help, Q - select action Dir - look around, f - activate You miscast Summon Small Mammal.
You are very lightly contaminated with residual magic.
Nothing appears to happen.
Casting: Summon Small Mammal (safe; 9% risk of failure)
Press: ? - help, Q - select action Dir - look around, f - activate The gnoll closely misses you.
You swap places.
The gnoll barely misses your quokka.
Your quokka bites the gnoll but does no damage.
The gnoll barely misses your quokka.
Your quokka bites the gnoll.
The gnoll hits your quokka with a +0 flail!
Your quokka dies!
Your quokka's corpse disappears in a puff of smoke!
Your magical contamination has completely faded away.
Found an escape hatch in the floor.
There is an escape hatch in the floor here.
You can't go up here!
You slide downwards.
The hatch slams shut behind you.
Casting: Summon Small Mammal (safe; 9% risk of failure)
Press: ? - help, Q - select action Dir - look around, f - activate The endoplasm quivers.
Your quokka bites the endoplasm.
The endoplasm misses your quokka.
Your quokka bites the endoplasm.
The endoplasm barely misses your quokka.
You swap places.
The endoplasm freezes you.
You are frozen.
Ouch! That really hurt!
You die...

.. .
.#
###.#
#...#
#.#
#.#
#r#
#@#
#J#
...
#..##
#.##
.. #.
#.


You could see an endoplasm (ally target) and a friendly quokka (summoned).

Vanquished Creatures
  An endoplasm (D:1)
1 creature vanquished.

Notes
Turn   | Place    | Note
-------+----------+-------------------------------------------
     0 | D:1      | Cheeritup the Tengu Summoner began the quest for the Orb.
     0 | D:1      | Reached XP level 1. HP: 10/10 MP: 4/4
   283 | D:2      | Frozen to death by an endoplasm

Illustrated notes

Levels and vault maps discovered:
D:1:      evilmike_arrival_fibonacci_small, layout_basic, serial_shops,
          nicolae_shop_trees, dreamdust_ecumenical_altar_angels_and_demons
D:2:      layout_loops_ring, grunt_ministairs_1

Action                   || total
-------------------------++-------
Melee: Unarmed           ||     4
       Kick              ||     2
 Cast: Summon Small Mamm ||     7
Dodge: Dodged            ||     3

Table legend: (Time is in decaauts)
 A = Elapsed time spent in this place.
 B = Non-inter-level travel time spent in this place.
 C = Inter-level travel time spent in this place.
 D = Time resting spent in this place.
 E = Time spent auto-exploring this place.
 F = Levels seen in this place.
 G = Mean time per level.
                   A        B        C        D        E       F      G
               +--------+--------+--------+--------+--------+-----+--------+
         Total |    282 |    282 |      0 |    144 |     49 |   2 |  141.0 |
       Dungeon |    282 |    282 |      0 |    144 |     49 |   2 |  141.0 |
               +--------+--------+--------+--------+--------+-----+--------+

Top non-repeatable levels by time:
     D:1: 277 daAuts
     D:2: 4 daAuts
